 Dungeon Crawl Stone Soup version 0.22-a0-147-gfdd7f25 (webtiles) character file.

1714 tof the Basher (level 8, -2/73 HPs)
             Began as a Minotaur Fighter on Feb 6, 2018.
             Was a Follower of Okawaru.
             Killed by divine providence
             ... invoked by an orc priest
              (8 damage)
             ... on level 6 of the Dungeon.
             The game lasted 00:05:14 (3932 turns).

tof the Basher (Minotaur Fighter)                   Turns: 3932, Time: 00:05:15

Health: -2/73      AC:  7    Str: 21    XL:     8   Next: 74%
Magic:  0/16       EV:  8    Int:  5    God:    Okawaru [*.....]
Gold:   416        SH: 11    Dex: 12    Spells: 7/7 levels left

rFire    . . .     SeeInvis .   q - +2 whip (elec)
rCold    . . .     Gourm    .   c - +0 shield
rNeg     . . .     Faith    .   b - +0 scale mail
rPois    .         Spirit   +   (helmet restricted)
rElec    .         Reflect  .   (no cloak)
rCorr    .         Harm     .   (no gloves)
MR       .....                  (no boots)
Stlth    ..........             y - amulet of guardian spirit
HPRegen  0.22/turn              u - ring of magical power
MPRegen  0.15/turn              (no ring)

@: no status effects
A: retaliatory headbutt, horns 2
a: Heroism, Renounce Religion


You were on level 6 of the Dungeon.
You worshipped Okawaru.
Okawaru was aware of your devotion.
You were hungry.

You visited 2 branches of the dungeon, and saw 7 of its levels.

You collected 416 gold pieces.

Inventory:

Hand Weapons
 a - a +0 flail
 q - a +2 whip of electrocution (weapon)
Missiles
 s - 10 javelins (quivered)
 w - 3 tomahawks
Armour
 b - a +0 scale mail (worn)
 c - a +0 shield (worn)
Jewellery
 u - a ring of magical power (left hand)
 y - an amulet of guardian spirit (around neck)
Wands
 o - a wand of random effects (21)
Scrolls
 g - 4 scrolls of teleportation {unknown}
 h - 2 scrolls of identify {unknown}
 i - a scroll of fear {unknown}
 j - 4 scrolls of enchant weapon {unknown}
 m - 4 scrolls of magic mapping {unknown}
 x - 2 scrolls of noise {unknown}
 z - 2 scrolls of remove curse {unknown}
 A - a scroll of amnesia {unknown}
Potions
 d - a potion of might
 e - 3 potions of flight {unknown}
 k - a potion of haste {unknown}
 l - a potion of heal wounds {unknown}
 n - a potion of experience {unknown}
 p - a potion of lignification {unknown}
 r - a potion of curing {unknown}
 t - 4 potions of mutation {unknown}
 B - a potion of brilliance {unknown}
 C - a potion of invisibility {unknown}
Comestibles
 f - 8 rations


   Skills:
 + Level 7.0 Fighting
 * Level 8.8 Maces & Flails
 + Level 7.0 Armour
 + Level 7.0 Shields


You had 7 spell levels left.
You didn't know any spells.

Dungeon Overview and Level Annotations

Branches:
Dungeon (6/15)             Temple (1/1) D:5

Altars:
Ashenzari
Cheibriados
Dithmenos
Elyvilon
Fedhas
Gozag
Hepliaklqana
Kikubaaqudgha
Makhleb
Nemelex Xobeh
Okawaru
Qazlal
Ru
Sif Muna
Trog
Uskayaw
Vehumet
Wu Jian
Xom
Yredelemnul
Zin
The Shining One


Innate Abilities, Weirdness & Mutations

You reflexively headbutt those who attack you in melee.
You have a pair of horns on your head.


Message History

You hit Yosebu's ghost.
Yosebu's ghost is almost destroyed.
The bullfrog hits you but does no damage.
You whack Yosebu's ghost!
You destroy Yosebu's ghost!
Okawaru is honoured by your kill.
You can now gain great but temporary skills.
Your Fighting skill increases to level 7!
Your Armour skill increases to level 7!
Your Shields skill increases to level 7!
The orc priest looks encouraged for a moment.
You block the orc warrior's attack. You block the bullfrog's attack.
You see here a whip.
The bullfrog hits you but does no damage.
The orc wizard mumbles some strange words.
The orc wizard blinks!
You block the bullfrog's attack.
The orc priest invokes the aid of Beogh against you.
Beogh smites you!
You die...

..>..# ....# #
...## ..#
...##...#
##.......# #...#
..##.
#####.#.###.....
#..........#
##....@Fo)oo#
#<..........o#
##.........#.....
#.........##.>...
########### .....
.... ... ...


You could see an orc warrior, a bullfrog, an orc priest, an orc wizard and an
orc.

Vanquished Creatures
  The ghost of Yosebu the Carver, a novice MfGl (D:6)
  The ghost of braks the Grave Robber, an amateur DENe (D:5)
  Sigmund (D:5)
  Edmund (D:5)
  A scorpion (D:4)
  A howler monkey (D:4)
  A crimson imp (D:5)
  A bullfrog skeleton (D:4)
  2 jellies (D:3)
  2 hounds (D:5)
  An orc priest (D:5)
  A centaur skeleton (D:5)
  5 orc wizards
  Natasha (thrice) (D:2)
  4 worker ants
  A hound zombie (D:5)
  A hound skeleton (D:4)
  A worker ant zombie (D:5)
  7 adders
  2 shadow imps
  10 oozes
  2 worms (D:2)
  2 dart slugs (D:2)
  2 leopard geckos
  11 orcs
  4 giant cockroaches
  12 goblins
  10 hobgoblins
  2 quokkas (D:4)
  2 ball pythons (D:1)
  4 bats
  6 frilled lizards
  13 kobolds
  8 rats
  A fungus (D:3)
127 creatures vanquished.

Vanquished Creatures (others)
  A fungus (D:3)
  9 toadstools (D:3)
10 creatures vanquished.

Grand Total: 137 creatures vanquished

Notes
Turn   | Place    | Note
-------+----------+-------------------------------------------
     0 | D:1      | tof the Minotaur Fighter began the quest for the Orb.
     0 | D:1      | Reached XP level 1. HP: 19/19 MP: 0/0
   185 | D:1      | Reached XP level 2. HP: 27/27 MP: 1/1
   244 | D:1      | Reached skill level 3 in Maces & Flails
   724 | D:2      | Noticed Natasha
   728 | D:2      | Killed Natasha
   728 | D:2      | Reached XP level 3. HP: 33/33 MP: 2/2
   746 | D:2      | Reached XP level 4. HP: 33/40 MP: 3/3
   937 | D:2      | Reached skill level 4 in Maces & Flails
  1204 | D:2      | Noticed Natasha
  1208 | D:2      | Killed Natasha
  1208 | D:2      | Reached XP level 5. HP: 38/47 MP: 4/4
  1514 | D:2      | Noticed Natasha
  1520 | D:2      | Killed Natasha
  1996 | D:3      | Reached skill level 5 in Maces & Flails
  2018 | D:3      | Reached XP level 6. HP: 20/55 MP: 5/5
  2239 | D:4      | Reached skill level 5 in Armour
  2322 | D:4      | Reached skill level 5 in Fighting
  2322 | D:4      | Reached skill level 5 in Shields
  2636 | D:4      | Reached skill level 6 in Maces & Flails
  2761 | D:4      | Reached XP level 7. HP: 61/61 MP: 6/6
  3135 | D:5      | Entered Level 5 of the Dungeon
  3135 | D:5      | Noticed braks's ghost (amateur DENe)
  3145 | D:5      | Killed braks's ghost
  3214 | D:5      | Noticed Edmund
  3219 | D:5      | Killed Edmund
  3219 | D:5      | Reached skill level 7 in Maces & Flails
  3242 | D:5      | Found a staircase to the Ecumenical Temple.
  3252 | Temple   | Entered the Ecumenical Temple
  3259 | Temple   | Became a worshipper of Warmaster Okawaru
  3342 | D:5      | Noticed Sigmund
  3349 | D:5      | Killed Sigmund
  3349 | D:5      | Reached XP level 8. HP: 70/70 MP: 7/7
  3510 | D:5      | Found a snail-covered altar of Cheibriados.
  3510 | D:5      | Found a white marble altar of Elyvilon.
  3511 | D:5      | Found a deep blue altar of Sif Muna.
  3511 | D:5      | Found a hide-covered altar of Uskayaw.
  3582 | D:5      | Reached skill level 8 in Maces & Flails
  3909 | D:6      | Noticed Yosebu's ghost (novice MfGl)
  3928 | D:6      | Killed Yosebu's ghost
  3928 | D:6      | Reached * piety under Okawaru
  3932 | D:6      | Killed from afar by an orc priest

Vault maps used:
D:1:      lemuel_arrival_tunnels
D:2:      first_ration, uniq_natasha
D:3:      cheibrodos_fertilizer, minmay_gold_behind_fungi
D:4:      minmay_misc_feat_ornament
D:5:      chequers_temple_overflow_statue_of_worship, minmay_temple_entry_grid,
          uniq_edmund, uniq_sigmund
D:6:      nicolae_ossuary_entry_giza, hangedman_decor_growths, zaba_anthole,
          dk_noncrumbling_2, grunt_ministairs_13, fedhas_altar_2,
          uniq_blork_the_orc, uniq_menkaure
Temple:   nicolae_temple_no_exploring_needed

Skill      XL: |  1  2  3  4  5  6  7  8 |
---------------+-------------------------+-----
Maces & Flails | 3 4 5 6 7 8 |  8.8
Armour         | 4 5 6 7 |  7.0
Fighting       | 4 5 6 7 |  7.0
Shields        | 4 5 6 7 |  7.0

Action                   |  1- 3 |  4- 6 |  7- 9 || total
-------------------------+-------+-------+-------++-------
Melee: Flail             |    64 |    49 |       ||   113
       Headbutt          |     8 |    20 |    23 ||    51
       Whip              |       |   105 |   112 ||   217
Throw: Javelin           |       |     4 |     9 ||    13
  Eat: Chunk             |       |     3 |     3 ||     6
       Ration            |       |     1 |       ||     1
Armor: Scale mail        |    20 |    48 |    32 ||   100
Dodge: Dodged            |    25 |    28 |    24 ||    77
Block: Shield            |    33 |    79 |    44 ||   156

Table legend:
 A = Spawn XP
 B = Non-spawn XP
 C = Spawn XP percentage of total XP
 D = Spawn monster count
 E = Non-spawn monster count
 F = Spawn count percentage of total count
 G = Total turns spent on level
                    A         B        C        D         E        F      G
               +---------+---------+-------+---------+---------+-------+---------
         Total |       0 |    2449 |   0.0 |       0 |     126 |   0.0 |  3932
               +---------+---------+-------+---------+---------+-------+---------
           D:1 |       0 |      33 |   0.0 |       0 |      22 |   0.0 |   665
           D:2 |       0 |     200 |   0.0 |       0 |      30 |   0.0 |   965
           D:3 |       0 |     175 |   0.0 |       0 |      26 |   0.0 |   604
           D:4 |       0 |     499 |   0.0 |       0 |      23 |   0.0 |   901
           D:5 |       0 |    1000 |   0.0 |       0 |      24 |   0.0 |   752
           D:6 |       0 |     542 |   0.0 |       0 |       1 |   0.0 |    30
               +---------+---------+-------+---------+---------+-------+---------
